 Dungeon Crawl Stone Soup version 0.17.1-1-g73c8601 (webtiles) character file.

809 Junggeselle the Grappler (level 7, 0/99 HPs)
             Began as a Troll Fighter on Dec 25, 2015.
             Succumbed to a water moccasin's poison
             ... on level 5 of the Dungeon.
             The game lasted 00:04:59 (3828 turns).

Junggeselle the Grappler (Troll Fighter)            Turns: 3828, Time: 00:04:59

Health: 0/99       AC: 23    Str: 25    XL:     7   Next: 61%
Magic:  6/6        EV:  1    Int:  6    God:
Gold:   72         SH:  8    Dex:  9    Spells: 0 memorised, 6 levels left

rFire  . . .     SeeInvis .       - Unarmed
rCold  . . .     Clarity  .     (armour currently unavailable)
rNeg   + + +     SustAt   .     b - +0 shield
rPois  +         Gourm    +     (helmet currently unavailable)
rElec  .         Spirit   .     (cloak currently unavailable)
rCorr  .         Warding  .     (gloves unavailable)
rMut   .         NoTele   +     (boots unavailable)
MR     .....                    (no amulet)
Stlth  +.........               (no ring)
                                (no ring)

@: lethally poisoned (0 -> -5), tree-form, not resistant to hostile
enchantments, very unstealthy
A: unfitting armour, (claws 0), fast metabolism 3, gourmand, regeneration 2,
(shaggy fur 0), (tough skin 0)
a: no special abilities


You were on level 5 of the Dungeon.
You were not hungry.
You were a tree.
You visited 1 branch of the dungeon, and saw 5 of its levels.

You collected 156 gold pieces.
You spent 84 gold pieces at shops.

Inventory:

Hand Weapons
 s - a +0 giant spiked club
Armour
 a - a +0 robe (melded)
 b - a +0 shield (worn)
 m - a +0 cloak (melded)
Jewellery
 e - an uncursed amulet of clarity {unknown}
 r - an uncursed ring of fire {unknown}
Wands
 p - a wand of slowing (24)
 q - a wand of random effects (37)
Scrolls
 f - a scroll of amnesia {unknown}
 g - a scroll of teleportation {unknown}
 i - 2 scrolls of random uselessness {unknown}
 j - a scroll of noise {unknown}
 k - 2 scrolls of remove curse
 l - a scroll of enchant weapon {unknown}
 n - a scroll of blinking {unknown}
 t - 2 scrolls of fog
Potions
 o - a potion of magic
Comestibles
 d - 3 bread rations
 h - 3 beef jerkies
 u - a meat ration


   Skills:
 - Level 2.4 Fighting
 - Level 2.4 Dodging
 - Level 2.4 Shields
 * Level 8.8 Unarmed Combat


You had 6 spell levels left.
You didn't know any spells.

Dungeon Overview and Level Annotations

Branches:
Dungeon (5/15)
 Temple: D:4-7

Altars:
Ashenzari
Cheibriados
Elyvilon
Fedhas
Gozag
Qazlal
Ru
Yredelemnul

Shops:
D:4 ?(


Innate Abilities, Weirdness & Mutations

You are too large for most types of armour.
((You have claws for hands.))
Your metabolism is lightning-fast.
You like to eat raw meat.
You heal very quickly.
((You are covered in fur (AC +1).))
((You have very tough skin (AC +2).))


Message History

* * * LOW HITPOINT WARNING * * *
You feel sick.
You finish eating.
That bread ration really hit the spot!
Drink which item? (? for menu, Esc to quit)
It was a potion of lignification.
You turn into a tree.
Your +0 cloak melds into your body.
Your +0 robe melds into your body.
Your roots penetrate the ground.
* * * LOW HITPOINT WARNING * * *
You feel sick.
There is a lethal amount of poison in your body!
There is a lethal amount of poison in your body!
* * * LOW HITPOINT WARNING * * *
You feel sick.
* * * LOW HITPOINT WARNING * * *
You feel sick.
* * * LOW HITPOINT WARNING * * *
You feel sick.
* * * LOW HITPOINT WARNING * * *
You feel sick.
You die...

.....# .
...##############.
...#.............#####
...#...........#.....#
...#...........#.....#
...'...........#.....#
...#...........#.....#
...#......#'####.....#
'###......#.....♣....#
..........#...########
..........#...#
..........#...#
..........#...#
........ #...#
........ ###+#
...####+ ...#


There were no monsters in sight!

Vanquished Creatures
  The ghost of Clownie the Blocker, a novice FoFi (D:4)
  A water moccasin (D:5)
  An ogre (D:4)
  A centaur skeleton (D:4)
  4 orc wizards
  An orc priest (D:5)
  A hound (D:4)
  A hound skeleton (D:4)
  5 adders
  2 worms (D:2)
  2 giant geckos (D:4)
  9 orcs
  3 ball pythons
  2 bats (D:3)
  6 hobgoblins
  10 jackals
  A ball python skeleton (D:4)
  7 giant cockroaches
  8 giant newts
  10 goblins
  7 kobolds
  5 rats
88 creatures vanquished.

Notes
Turn   | Place    | Note
--------------------------------------------------------------
     0 | D:1      | Junggeselle the Troll Fighter began the quest for the Orb.
     0 | D:1      | Reached XP level 1. HP: 22/22 MP: 0/0
   154 | D:1      | Reached XP level 2. HP: 29/29 MP: 1/1
   202 | D:1      | Reached skill level 3 in Unarmed Combat
  1069 | D:2      | Reached XP level 3. HP: 33/36 MP: 2/2
  1126 | D:2      | Reached skill level 4 in Unarmed Combat
  1787 | D:3      | Reached XP level 4. HP: 44/44 MP: 3/3
  1842 | D:3      | Found an opulent altar of Gozag.
  1883 | D:3      | Found a snail-covered altar of Cheibriados.
  2011 | D:3      | Found a faded altar to an unknown god.
  2044 | D:3      | Found a white marble altar of Elyvilon.
  2497 | D:4      | Reached skill level 5 in Unarmed Combat
  2606 | D:4      | Reached XP level 5. HP: 40/50 MP: 4/4
  2665 | D:4      | Noticed Clownie's ghost (novice FoFi)
  2677 | D:4      | Killed Clownie's ghost
  2677 | D:4      | Reached skill level 7 in Unarmed Combat
  2677 | D:4      | Reached XP level 6. HP: 25/59 MP: 5/5
  2782 | D:4      | Found Runlaedd's Weapon Emporium.
  3262 | D:4      | Found a shattered altar of Ashenzari.
  3262 | D:4      | Found a basalt altar of Yredelemnul.
  3447 | D:4      | Noticed an ogre
  3454 | D:4      | Killed an ogre
  3454 | D:4      | Reached skill level 8 in Unarmed Combat
  3454 | D:4      | Reached XP level 7. HP: 62/66 MP: 6/6
  3493 | D:4      | Found Zojum's Magic Scroll Shoppe.
  3498 | D:4      | Bought a scroll of remove curse for 36 gold pieces
  3498 | D:4      | Bought 2 scrolls of fog for 48 gold pieces
  3597 | D:5      | Entered Level 5 of the Dungeon
  3613 | D:5      | Found a sacrificial altar of Ru.
  3656 | D:5      | Found a stormy altar of Qazlal.
  3656 | D:5      | Found a blossoming altar of Fedhas.
  3825 | D:5      | HP: 3/99 [poisoned by a water moccasin]
  3827 | D:5      | HP: 1/99 [poisoned by a water moccasin]
  3828 | D:5      | Succumbed to a water moccasin's poison

Action                   |  1- 3 |  4- 6 |  7- 9 || total
-------------------------+-------+-------+-------++-------
Melee: Unarmed           |   115 |   108 |    57 ||   280
  Use: Potion            |       |     3 |     2 ||     5
  Eat: Chunk             |    13 |    15 |     2 ||    30
       Bread ration      |       |       |     1 ||     1
